SNL (28 & UNDER)
WEST PALM REDS @ GAINESVILLE GUIDOS
09/21/2023
 
TOP OF THE 1ST
West Palm Reds batting - Pitching for Gainesville Guidos : RHP Dave Riley
Pitching: RHP Dave Riley
Batting: SHB Francis Shaffer 0-0: SINGLE (Groundball, 3S)
Batting: RHB Juan Vareas 0-0: Ball
1-0: Foul Ball, location: 2F
1-1: Ball
2-1: Ball
3-1: Base on Balls
Francis Shaffer to second
Batting: LHB Enrique Cortéz 0-0: SINGLE (Groundball, 3D)
Francis Shaffer to third
Juan Vareas to second
Batting: LHB Jeff McKinney 0-0: Ball
1-0: Foul Ball, location: 2F
1-1: Foul Ball, location: 2F
1-2: Foul Ball, location: 2F
1-2: Ball
2-2: Foul Ball, location: 2F
2-2: Ball
3-2: Base on Balls
Francis Shaffer scores
Juan Vareas to third
Enrique Cortéz to second
Batting: SHB Todd Smith 0-0: Called Strike
0-1: GRAND SLAM HOME RUN (Flyball, 89XD), Distance : 397 ft
Batting: RHB Jack Ray 0-0: Swinging Strike
0-1: Ball
1-1: Fly out, F6 (Popup, 15)
Batting: RHB Carlos García 0-0: Ball
1-0: Called Strike
1-1: Foul Ball, location: 2F
1-2: Foul Ball, location: 2F
1-2: Foul Ball, location: 2F
1-2: Foul Ball, location: 2F
1-2: Foul Ball, location: 2F
1-2: Ball
2-2: Foul Ball, location: 2F
2-2: Ball
3-2: SINGLE (Groundball, 6MD)
Batting: LHB Bill Smith 0-0: Ball
1-0: Grounds into double play, 4-6-3 (Groundball, 4)
Top of the 1st over - 5 run(s), 4 hit(s), 0 error(s), 0 left on base; West Palm 5 - Gainesville 0
BOTTOM OF THE 1ST
Gainesville Guidos batting - Pitching for West Palm Reds : LHP Pat Candelária
Pitching: LHP Pat Candelária
Batting: RHB Noriyori Ine 0-0: Swinging Strike
0-1: Hit by Pitch
Batting: RHB Pedro Mata 0-0: Ball
1-0: Called Strike
Noriyori Ine steals 2nd base
1-1: Ball
2-1: Ball
3-1: DOUBLE (Flyball, 78D)
Noriyori Ine scores
Batting: RHB José Fernández 0-0: Ball
1-0: Ball
2-0: Ball
3-0: Base on Balls
Batting: LHB David Murphy 0-0: Ball
1-0: Ball
2-0: Ball
3-0: SINGLE (Groundball, 6MD)
Pedro Mata to third
José Fernández to second
Batting: LHB Ed Hart 0-0: Ball
1-0: Ball
2-0: Ball
3-0: Base on Balls
Pedro Mata scores
José Fernández to third
David Murphy to second
Batting: RHB Mitch Thomas 0-0: Ball
1-0: Ball
2-0: Grounds into fielders choice 1-2 (Groundball, 15)
David Murphy to third
Ed Hart to second
Batting: RHB Jason Erickson 0-0: Ball
1-0: Swinging Strike
1-1: Ball
Passed Ball!
David Murphy scores
Ed Hart to third
Mitch Thomas to second
2-1: Foul Ball, location: 2F
2-2: Strikes out swinging
Batting: SHB Reynaldo Gallegos 0-0: Foul Ball, location: 2F
0-1: Swinging Strike
0-2: Strikes out swinging
Bottom of the 1st over - 3 run(s), 2 hit(s), 0 error(s), 2 left on base; West Palm 5 - Gainesville 3
TOP OF THE 2ND
West Palm Reds batting - Pitching for Gainesville Guidos : RHP Dave Riley
Batting: SHB Alex Hayes 0-0: Swinging Strike
0-1: Ball
1-1: Ball
2-1: Ground out U3 (Groundball, 3S)
Batting: SHB Francis Shaffer 0-0: Called Strike
0-1: Ball
1-1: Called Strike
1-2: Strikes out looking
Batting: RHB Juan Vareas 0-0: Foul Ball, location: 2F
0-1: Ball
1-1: Foul Ball, location: 2F
1-2: SINGLE (Groundball, 56D)
Batting: LHB Enrique Cortéz 0-0: Ball
1-0: Ball
2-0: Called Strike
2-1: Called Strike
2-2: SINGLE (Line Drive, 8RS)
Juan Vareas to second
Runner from 2nd tries for 3rd, OUT!
Top of the 2nd over - 0 run(s), 2 hit(s), 0 error(s), 1 left on base; West Palm 5 - Gainesville 3
BOTTOM OF THE 2ND
Gainesville Guidos batting - Pitching for West Palm Reds : LHP Pat Candelária
Batting: RHB Iván Moreno 0-0: Called Strike
0-1: Ball
1-1: Ball
2-1: Called Strike
2-2: Strikes out swinging
Batting: RHB Noriyori Ine 0-0: Called Strike
0-1: Swinging Strike
0-2: Strikes out swinging
Batting: RHB Pedro Mata 0-0: DOUBLE (Line Drive, 5D)
Batting: RHB José Fernández 0-0: Ball
1-0: Ball
2-0: Ball
3-0: Called Strike
3-1: Fly out, F7 (Flyball, 78XD)
Bottom of the 2nd over - 0 run(s), 1 hit(s), 0 error(s), 1 left on base; West Palm 5 - Gainesville 3
TOP OF THE 3RD
West Palm Reds batting - Pitching for Gainesville Guidos : RHP Dave Riley
Now at 3B: Fernando Mendoza
Batting: LHB Jeff McKinney 0-0: Foul Ball, location: 2F
0-1: Foul Ball, location: 2F
0-2: Strikes out looking
Batting: SHB Todd Smith 0-0: Called Strike
0-1: Ball
1-1: Foul Ball, location: 2F
1-2: Ball
2-2: Strikes out swinging, 2-3 out at first.
Batting: RHB Jack Ray 0-0: Foul Ball, location: 2F
0-1: Swinging Strike
0-2: Ball
1-2: SINGLE (Flyball, 89S)
Batting: RHB Carlos García 0-0: Called Strike
0-1: Called Strike
0-2: Ball
1-2: Strikes out swinging
Top of the 3rd over - 0 run(s), 1 hit(s), 0 error(s), 1 left on base; West Palm 5 - Gainesville 3
BOTTOM OF THE 3RD
Gainesville Guidos batting - Pitching for West Palm Reds : LHP Pat Candelária
Batting: LHB David Murphy 0-0: Called Strike
0-1: Swinging Strike
0-2: Strikes out swinging
Pitching: RHP Dave Woods
Batting: RHB Fernando Mendoza 0-0: SINGLE (Groundball, 6MD)
Batting: RHB Mitch Thomas 0-0: Ball
1-0: Called Strike
1-1: Called Strike
1-2: Ball
2-2: Grounds into double play, 1-6-3 (Groundball, 23)
Bottom of the 3rd over - 0 run(s), 1 hit(s), 0 error(s), 0 left on base; West Palm 5 - Gainesville 3
TOP OF THE 4TH
West Palm Reds batting - Pitching for Gainesville Guidos : RHP Dave Riley
Pitching: RHP Gustavo Ávila
Batting: LHB Bill Smith 0-0: Called Strike
0-1: Fly out, F9 (Flyball, 89D)
Batting: SHB Alex Hayes 0-0: Ball
1-0: Ball
2-0: DOUBLE (Groundball, 5L)
Batting: SHB Francis Shaffer 0-0: Ball
1-0: SINGLE (Line Drive, 78S)
Alex Hayes to third
Runner from 3rd tries for Home, SAFE, throw made home
Francis Shaffer to second
Batting: RHB Juan Vareas 0-0: Ball
1-0: Ball
2-0: Ball
3-0: Called Strike
3-1: Fly out, F7 (Flyball, 78S)
Batting: LHB Enrique Cortéz 0-0: Ball
1-0: Fly out, F8 (Line Drive, 8LM)
Top of the 4th over - 1 run(s), 2 hit(s), 0 error(s), 1 left on base; West Palm 6 - Gainesville 3
BOTTOM OF THE 4TH
Gainesville Guidos batting - Pitching for West Palm Reds : RHP Dave Woods
Batting: RHB Jason Erickson 0-0: Called Strike
0-1: SINGLE (Groundball, 23) (infield hit)
Batting: SHB Reynaldo Gallegos 0-0: SINGLE (Groundball, 34)
Jason Erickson to second
Runner from 2nd tries for 3rd, SAFE, throw made to third
Batting: RHB Iván Moreno 0-0: Foul Ball, location: 2F
0-1: Ball
Reynaldo Gallegos steals 2nd base
1-1: SINGLE (Groundball, 34D)
Jason Erickson scores
Reynaldo Gallegos to third
Runner from 3rd tries for Home, SAFE, no throw or cutoff
Batting: RHB Noriyori Ine 0-0: Ball
1-0: Foul Ball, location: 2F
1-1: Ground out 5-3 (Groundball, 5S)
Iván Moreno to second
Batting: RHB Pedro Mata 0-0: Called Strike
0-1: Foul Ball, location: 2F
0-2: Ball
1-2: Reached on error, E6 (Groundball, 56)
Iván Moreno to third
Batting: RHB José Fernández 0-0: Foul Ball, location: 2F
0-1: Ball
1-1: Foul Ball, location: 2F
1-2: Fly out, F8 (Popup, 89S)
Runner from 3rd tags up, SCORES, throw made
Batting: LHB David Murphy 0-0: Ball
1-0: Ball
2-0: Ball
3-0: Called Strike
3-1: Base on Balls
Pedro Mata to second
Batting: RHB Fernando Mendoza 0-0: Ball
1-0: Ball
2-0: Ball
3-0: Called Strike
3-1: SINGLE (Line Drive, 6)
Pedro Mata to third
David Murphy to second
Runner from 3rd tries for Home, SAFE, no throw or cutoff
Batting: RHB Mitch Thomas 0-0: Ball
1-0: Called Strike
1-1: Ball
2-1: Swinging Strike
2-2: Ball
3-2: SINGLE (Groundball, 56)
David Murphy to third
Fernando Mendoza to second
David Murphy scores
Fernando Mendoza to third
Pitching: RHP Kei Hashimoto
Batting: RHB Jason Erickson 0-0: Ball
1-0: Ball
2-0: Called Strike
2-1: Ball
3-1: Fly out, F9 (Flyball, 9M)
Bottom of the 4th over - 5 run(s), 5 hit(s), 1 error(s), 2 left on base; West Palm 6 - Gainesville 8
TOP OF THE 5TH
West Palm Reds batting - Pitching for Gainesville Guidos : RHP Gustavo Ávila
Batting: LHB Jeff McKinney 0-0: Foul Ball, location: 2F
0-1: Ball
1-1: Ball
2-1: SINGLE (Line Drive, 9S)
Batting: SHB Todd Smith 0-0: Ball
1-0: Called Strike
Jeff McKinney steals 2nd base
1-1: Ball
2-1: Ground out 6-3 (Groundball, 6)
Jeff McKinney to third
Batting: RHB Jack Ray 0-0: Ball
1-0: SINGLE (Groundball, 34D)
Jeff McKinney scores
Batting: RHB Carlos García 0-0: Ball
1-0: Foul Ball, location: 2F
1-1: Ball
2-1: Foul Ball, location: 2F
2-2: Foul Ball, location: 2F
2-2: Fly out, F8 (Flyball, 8RD)
Batting: LHB Bill Smith 0-0: Ball
1-0: Called Strike
1-1: Ball
2-1: Fielders Choice at 2nd, U6 (Groundball, 6M)
Top of the 5th over - 1 run(s), 2 hit(s), 0 error(s), 1 left on base; West Palm 7 - Gainesville 8
BOTTOM OF THE 5TH
Gainesville Guidos batting - Pitching for West Palm Reds : RHP Kei Hashimoto
Batting: SHB Reynaldo Gallegos 0-0: Ball
1-0: Ball
2-0: Swinging Strike
2-1: Foul Ball, location: 2F
2-2: Strikes out swinging
Batting: RHB Iván Moreno 0-0: Fly out, F9 (Line Drive, 8RM)
Batting: RHB Noriyori Ine 0-0: Ball
1-0: Called Strike
1-1: Called Strike
1-2: Ball
2-2: Ball
3-2: Base on Balls
Batting: RHB Pedro Mata 0-0: Called Strike
0-1: SINGLE (Line Drive, 6MD)
Noriyori Ine to second
Runner from 2nd tries for 3rd, SAFE, throw made to third
Pedro Mata to second
Batting: RHB José Fernández 0-0: Called Strike
0-1: Ball
1-1: SINGLE (Line Drive, 6D)
Noriyori Ine scores
Pedro Mata to third
Runner from 3rd tries for Home, SAFE, no throw or cutoff
Batting: LHB David Murphy 0-0: Ball
1-0: Ball
2-0: Called Strike
2-1: Ball
3-1: Called Strike
Error on foul ball, E2
3-2: SINGLE (Line Drive, 56D)
José Fernández to second
José Fernández to third
Batting: RHB Fernando Mendoza 0-0: Foul Ball, location: 2F
0-1: Foul Ball, location: 2F
0-2: Ball
1-2: Strikes out swinging
Bottom of the 5th over - 2 run(s), 3 hit(s), 1 error(s), 2 left on base; West Palm 7 - Gainesville 10
TOP OF THE 6TH
West Palm Reds batting - Pitching for Gainesville Guidos : RHP Gustavo Ávila
Batting: SHB Alex Hayes 0-0: Fly out, F7 (Flyball, 78M)
Batting: SHB Francis Shaffer 0-0: Called Strike
0-1: Ball
1-1: Swinging Strike
1-2: Ball
2-2: Ball
3-2: Base on Balls
Pitching: RHP Pat Wright
Batting: RHB Juan Vareas 0-0: Ball
1-0: Ball
2-0: Foul Ball, location: 2F
2-1: Fly out, F8 (Flyball, 8RXD)
Batting: LHB Enrique Cortéz 0-0: Foul Ball, location: 2F
0-1: Swinging Strike
0-2: Foul Ball, location: 2F
0-2: Ball
Francis Shaffer is caught stealing 2nd base
Top of the 6th over - 0 run(s), 0 hit(s), 0 error(s), 0 left on base; West Palm 7 - Gainesville 10
BOTTOM OF THE 6TH
Gainesville Guidos batting - Pitching for West Palm Reds : RHP Kei Hashimoto
Batting: RHB Mitch Thomas 0-0: Ball
1-0: Foul Ball, location: 2F
1-1: Called Strike
1-2: Hit by Pitch
Batting: RHB Jason Erickson 0-0: Foul Ball, location: 2F
0-1: Called Strike
0-2: Ball
1-2: Ball
2-2: Fly out, F7 (Line Drive, 78S)
Batting: SHB Reynaldo Gallegos 0-0: Ball
1-0: Foul Ball, location: 2F
1-1: Called Strike
1-2: SINGLE (Groundball, 34D)
Mitch Thomas to second
Runner from 2nd tries for 3rd, SAFE, no throw or cutoff
Batting: RHB Iván Moreno 0-0: Ball
1-0: Fly out, F7 (Flyball, 7LM)
Runner from 3rd tags up, SCORES, no throw
Batting: RHB Noriyori Ine 0-0: Ball
Reynaldo Gallegos steals 2nd base
1-0: Called Strike
1-1: Ball
2-1: Ball
3-1: Base on Balls
Batting: RHB Pedro Mata 0-0: Called Strike
Noriyori Ine is caught stealing 2nd base
Bottom of the 6th over - 1 run(s), 1 hit(s), 0 error(s), 0 left on base; West Palm 7 - Gainesville 11
TOP OF THE 7TH
West Palm Reds batting - Pitching for Gainesville Guidos : RHP Pat Wright
Batting: LHB Enrique Cortéz 0-0: Called Strike
Reached via error on a dropped throw, E3
Batting: LHB Jeff McKinney 0-0: SINGLE (Line Drive, 8LS)
Enrique Cortéz to second
Batting: SHB Todd Smith 0-0: SINGLE (Line Drive, 4MD)
Enrique Cortéz to third
Jeff McKinney to second
Batting: RHB Jack Ray 0-0: Called Strike
0-1: TRIPLE (Flyball, 89XD)
Enrique Cortéz scores
Jeff McKinney scores
Todd Smith scores
Batting: RHB Carlos García 0-0: Fly out, F4 (Popup, 4M)
Batting: LHB Bill Smith 0-0: Ball
1-0: Ball
2-0: Foul Ball, location: 2F
2-1: SINGLE (Line Drive, 4M)
Jack Ray scores
Pitching: LHP Mike Scott
Batting: SHB Alex Hayes 0-0: Ball
1-0: Swinging Strike
1-1: Grounds into double play, 6-4-3 (Groundball, 6M)
Top of the 7th over - 4 run(s), 4 hit(s), 1 error(s), 0 left on base; West Palm 11 - Gainesville 11
BOTTOM OF THE 7TH
Gainesville Guidos batting - Pitching for West Palm Reds : RHP Kei Hashimoto
Pinch Hitting: LHB Marcos Villarreal 0-0: Called Strike
0-1: Called Strike
0-2: Ball
1-2: Fly out, F9 (Flyball, 9M)
Pitching: RHP Butch Ramey
Batting: RHB José Fernández 0-0: Ball
1-0: Foul Ball, location: 2F
1-1: Called Strike
1-2: Foul Ball, location: 2F
1-2: Foul Ball, location: 2F
1-2: Foul Ball, location: 2F
1-2: SINGLE (Line Drive, 4)
Batting: LHB David Murphy 0-0: Fly out, F7 (Flyball, 7LM)
Pinch Hitting: RHB Kurt Walter 0-0: Called Strike
0-1: Called Strike
0-2: Ball
1-2: DOUBLE (Flyball, 7LM)
José Fernández to third
Runner from 3rd tries for Home, SAFE, throw made home
Pinch Hitting: RHB José Ortega 0-0: Called Strike
0-1: Ball
1-1: Swinging Strike
1-2: Strikes out swinging
Bottom of the 7th over - 1 run(s), 2 hit(s), 0 error(s), 1 left on base; West Palm 11 - Gainesville 12
TOP OF THE 8TH
West Palm Reds batting - Pitching for Gainesville Guidos : LHP Mike Scott
Now at 2B: José Ortega
Now at SS: Juan Carlos Alfonzo
Now in RF: António Hernández
Batting: SHB Francis Shaffer 0-0: Ball
1-0: Called Strike
1-1: DOUBLE (Flyball, 8LXD)
Batting: RHB Juan Vareas 0-0: Ball
1-0: Ground out 5-3 (Groundball, 5L)
Batting: LHB Enrique Cortéz 0-0: Called Strike
0-1: Called Strike
0-2: Ball
1-2: Ball
2-2: SINGLE (Groundball, 56)
Francis Shaffer to third
Batting: LHB Jeff McKinney 0-0: Ball
1-0: Foul Ball, location: 2F
1-1: Ball
2-1: Ball
3-1: Fielders Choice at 2nd, 1-6 (Groundball, 25)
Batting: SHB Todd Smith 0-0: Called Strike
0-1: Foul Ball, location: 2F
0-2: Ball
1-2: Foul Ball, location: 2F
1-2: Fly out, F3 (Popup, 3F)
Top of the 8th over - 0 run(s), 2 hit(s), 0 error(s), 2 left on base; West Palm 11 - Gainesville 12
BOTTOM OF THE 8TH
Gainesville Guidos batting - Pitching for West Palm Reds : RHP Butch Ramey
Batting: RHB Jason Erickson 0-0: Ground out 4-3 (Groundball, 4)
Batting: SHB Reynaldo Gallegos 0-0: Ball
1-0: Foul Ball, location: 2F
1-1: Ball
2-1: Ball
3-1: Called Strike
3-2: Strikes out swinging
Batting: RHB Iván Moreno 0-0: Ball
1-0: Ball
2-0: Ball
3-0: Base on Balls
Batting: RHB Noriyori Ine 0-0: Ball
1-0: Called Strike
1-1: DOUBLE (Flyball, 8LXD)
Iván Moreno to third
Batting: RHB Juan Carlos Alfonzo 0-0: Swinging Strike
0-1: Called Strike
0-2: Strikes out swinging
Bottom of the 8th over - 0 run(s), 1 hit(s), 0 error(s), 2 left on base; West Palm 11 - Gainesville 12
TOP OF THE 9TH
West Palm Reds batting - Pitching for Gainesville Guidos : LHP Mike Scott
Pitching: RHP Lance Sanders
Batting: RHB Jack Ray 0-0: Ball
1-0: Ball
2-0: SOLO HOME RUN (Flyball, 7D), Distance : 381 ft
Batting: RHB Carlos García 0-0: Called Strike
0-1: Called Strike
0-2: Ball
1-2: Strikes out swinging
Batting: LHB Bill Smith 0-0: Swinging Strike
0-1: Ball
1-1: Ball
2-1: Foul Ball, location: 2F
2-2: Ball
3-2: SINGLE (Line Drive, 4D)
Pinch Hitting: LHB Raúl Cordero 0-0: Called Strike
0-1: Ball
1-1: Fly out, F7 (Flyball, 7M)
Pinch Hitting: RHB Juan López 0-0: Ball
1-0: Ball
2-0: Ball
3-0: Called Strike
3-1: Base on Balls
Bill Smith to second
Batting: RHB Juan Vareas 0-0: Called Strike
0-1: Ball
1-1: Ball
2-1: Foul Ball, location: 2F
2-2: Ball
3-2: Foul Ball, location: 2F
3-2: Foul Ball, location: 2F
3-2: Base on Balls
Bill Smith to third
Juan López to second
Batting: LHB Enrique Cortéz 0-0: Foul Ball, location: 2F
0-1: Called Strike
0-2: Strikes out looking
Top of the 9th over - 1 run(s), 2 hit(s), 0 error(s), 3 left on base; West Palm 12 - Gainesville 12
BOTTOM OF THE 9TH
Gainesville Guidos batting - Pitching for West Palm Reds : RHP Butch Ramey
Now at C: Alejandro Martínez
Now at 3B: Ánibal Martínez
Batting: RHB José Fernández 0-0: Called Strike
0-1: Ball
1-1: Fly out, F7 (Flyball, 7LD)
Batting: LHB David Murphy 0-0: Called Strike
0-1: Ball
1-1: Foul Ball, location: 2F
1-2: Foul Ball, location: 2F
1-2: Ball
2-2: Strikes out looking
Pitching: RHP Javier Valenzuela
Batting: LHB António Hernández 0-0: Ground out 6-3 (Groundball, 6M)
Bottom of the 9th over - 0 run(s), 0 hit(s), 0 error(s), 0 left on base; West Palm 12 - Gainesville 12
TOP OF THE 10TH
West Palm Reds batting - Pitching for Gainesville Guidos : RHP Lance Sanders
Batting: LHB Jeff McKinney 0-0: Ball
1-0: Ball
2-0: Ball
3-0: Base on Balls
Batting: SHB Todd Smith 0-0: Fly out, F9 (Flyball, 9D)
Batting: RHB Jack Ray 0-0: Ball
1-0: Called Strike
1-1: Fly out, F7 (Flyball, 8LM)
Batting: RHB Carlos García 0-0: Ground out 3-1 (Groundball, 34S)
Top of the 10th over - 0 run(s), 0 hit(s), 0 error(s), 1 left on base; West Palm 12 - Gainesville 12
BOTTOM OF THE 10TH
Gainesville Guidos batting - Pitching for West Palm Reds : RHP Javier Valenzuela
Pinch Hitting: RHB Satoru Daikawa 0-0: Called Strike
0-1: Swinging Strike
0-2: Ball
1-2: Ball
2-2: Strikes out swinging
Batting: RHB Jason Erickson 0-0: Reached on error, E4 (Groundball, 4)
Pinch Hitting: SHB Mark Wells 0-0: Called Strike
0-1: Ball
1-1: SINGLE (Groundball, 34D)
Jason Erickson to second
Runner from 2nd tries for 3rd, SAFE, throw made to third
Pinch Hitting: LHB Mark Owens 0-0: Fielders Choice attempt at home, Runner SAFE. 4-2 (Groundball, 4M)
This league is powered by Out of the Park Baseball, the baseball management simulation game for PC, Mac and Linux
Wednesday, December 2nd, 2015 - OOTP Baseball 16.8 Build 38